Match 47367631
Unlisted

Match 47367631
End
Pioneer Squad
Construct Infanterie Kompanie
Grenadier Squad
MG 42 Machine Gun Team
Grenadier Squad
GrW 34 Mortar Team
MG 42 Machine Gun Team
MG 42 Machine Gun Team
Construct Panzergrenadier Kompanie
Medical Station
Panzergrenadier Squad
Selects Mechanized Battlegroup
Selects Raid Package
Selects 8 Rad Armored Car
Pak 40 Anti-tank Gun Team
8 Rad Armored Car
Panzergrenadier Squad
Construct Panzer Kompanie
Pioneer Squad
Panzer IV Medium Tank
Selects UNKNOWN (2160084)
Selects Spotting Scopes
Selects Stoßtruppen Assault Package
Selects Zeroing Artillery Barrage
Panther Heavy Tank
Genki
Gangil
0
0

Comments sign in to comment!

No comments posted yet!